 Dungeon Crawl Stone Soup version 0.27.1-35-g4d5d836560 (webtiles) character file.

Game seed: 10129954990428550776

341 Delamore the Sneak (level 6, -1/39 HPs)
             Began as an Octopode Brigand on Apr 29, 2022.
             Slain by a steam dragon (4 damage)
             ... on level 5 of the Dungeon.
             The game lasted 00:04:01 (4392 turns).

Delamore the Sneak (Octopode Brigand)               Turns: 4392, Time: 00:04:02

Health: -1/39      AC:  1    Str: 11    XL:     6   Next: 56%
Magic:  0/6        EV: 16    Int: 13    God:
Gold:   152        SH:  0    Dex: 15    Spells: 5/5 levels left

rFire    . . .     SeeInvis .   m - +2 dagger (freeze)
rCold    . . .     Faith    .   (no shield)
rNeg     . . .     Spirit   +   (helmet restricted)
rPois    .         Reflect  .   e - amulet of guardian spirit
rElec    .         Harm     .   l - +4 ring of evasion
rCorr    .         Rampage  .   (no ring)
Will     .....                  (no ring)
Stlth    +++++.....             (no ring)
HPRegen  0.13/turn              (no ring)
MPRegen  0.10/turn              (no ring)
                                (no ring)
                                (no ring)

@: no status effects
A: almost no armour, amphibious, 8 rings, camouflage 1, gelatinous body 1,
(nimble swimmer 1), tentacles
a: no special abilities


You were on level 5 of the Dungeon.
You visited 1 branch of the dungeon, and saw 5 of its levels.

You collected 152 gold pieces.

Inventory:

Hand Weapons
 a - a +2 dagger of flaming
 j - a +0 rapier
 m - a +2 dagger of freezing (weapon)
Missiles
 b - 8 poisoned darts (quivered)
 c - 2 curare-tipped darts
Jewellery
 e - an amulet of guardian spirit (around mantle)
 l - a +4 ring of evasion (left tentacle)
Wands
 h - a wand of acid (12)
Scrolls
 d - a scroll of enchant armour
 g - a scroll of enchant weapon {unknown}
 k - 2 scrolls of teleportation
Potions
 f - a potion of flight
 i - a potion of curing {unknown}


   Skills:
 - Level 2.0 Fighting
 * Level 5.6 Short Blades
 - Level 2.0 Throwing
 - Level 1.0 Dodging
 + Level 7.5 Stealth


You had 5 spell levels left.
You didn't know any spells.
Your spell library contained the following spells:

 Spells                   Type           Power      Damage    Failure   Level
 Corona                   Hex            0%         N/A       30%         1
 Freeze                   Ice            0%         1d3       30%         1
 Ensorcelled Hibernation  Hex/Ice        0%         N/A       43%         2
 Frozen Ramparts          Ice            0%         1d2       67%         3
 Tukima's Dance           Hex            0%         N/A       67%         3
 Hailstorm                Conj/Ice       0%         3d3       97%         4


Dungeon Overview and Level Annotations

Branches:
Dungeon (5/15)
 Temple: D:4-7

Altars:
Hepliaklqana
Vehumet
The Shining One


Innate Abilities, Weirdness & Mutations

You cannot wear most types of armour.
You are amphibious.
You can wear up to eight rings at the same time.
Your skin changes colour to match your surroundings (Stealth+).
Your rubbery body absorbs attacks. (AC +1, EV +1)
((You are camouflaged near water. (Stealth+)))
You have tentacles for arms and can constrict up to eight enemies at once.


Message History

You hear the slow rusting of a very distant drain.
You open the door.
There is an open door here.
A steam dragon comes into view.
A steam dragon is nearby!
You hit the steam dragon. You freeze the steam dragon.
The steam dragon is lightly wounded.
The steam dragon closely misses you. The steam dragon claws you.
You hit the steam dragon but do no damage.
The steam dragon is lightly wounded.
You barely miss the steam dragon.
The steam dragon is lightly wounded.
The steam dragon breathes steam at you. The ball of steam hits you!
You hit the steam dragon. You freeze the steam dragon.
The steam dragon is lightly wounded.
You are engulfed in a cloud of scalding steam.
The steam dragon barely misses you. The steam dragon closely misses you.
You hit the steam dragon but do no damage.
The steam dragon is lightly wounded.
The steam dragon breathes steam at you. The ball of steam hits you!
* * * LOW HITPOINT WARNING * * *
Okay, then.
Aiming: Corrosive Bolt
Press: ? - help, Shift-Dir - straight line, f - steam dragon
Aim: a steam dragon (lightly wounded, catching its breath, 71% to hit)
The bolt of acid hits the steam dragon!
The steam dragon is splashed with acid.
The steam dragon is severely wounded.
You are engulfed in a cloud of scalding steam.
* * * LOW HITPOINT WARNING * * *
The steam dragon closely misses you. The steam dragon completely misses you.
Aiming: Corrosive Bolt
Press: ? - help, Shift-Dir - straight line, f/p - steam dragon
Aim: a steam dragon (severely wounded, 71% to hit)
The bolt of acid hits the steam dragon.
The steam dragon is splashed with acid.
The acid corrodes the steam dragon!
The steam dragon is almost dead.
The steam dragon bites you.
You die...

##+## .# ##...## #.#
##...§§## ### #.#
#.#..§.§.§## ##.###.#
#...D@§§...####...##.#
.........§..§'..........
.............####...##.#
#####..####### ####....
# ##.###.#####....##.#
.## ###.#...##^.####...
#.# ##.##..........#.
..# ##(#...####..### #.#
# #.# ###
##.##........#.


You could see a steam dragon (corroded).

Vanquished Creatures
  An ice beast (D:5)
  A scorpion (D:5)
  A hound (D:4)
  Robin (D:4)
  3 gnolls (D:2)
  3 adders
  2 worms
  An orc (D:4)
  12 endoplasms
  3 giant cockroaches
  14 goblins
  11 hobgoblins
  4 jackals (D:4)
  4 kobolds
  12 ball pythons
  7 bats
  2 frilled lizards (D:3)
  7 rats
89 creatures vanquished.

Vanquished Creatures (others)
  A ball python (D:4)
1 creature vanquished.

Grand Total: 90 creatures vanquished

Notes
Turn   | Place    | Note
-------+----------+-------------------------------------------
     0 | D:1      | Delamore the Octopode Brigand began the quest for the Orb.
     0 | D:1      | Reached XP level 1. HP: 14/14 MP: 1/1
   131 | D:1      | Reached XP level 2. HP: 1/19 MP: 2/2
  1182 | D:2      | Reached XP level 3. HP: 22/24 MP: 3/3
  1613 | D:2      | Reached skill level 6 in Stealth
  1615 | D:2      | Found a faded altar of an unknown god.
  1792 | D:1      | Reached XP level 4. HP: 17/29 MP: 2/4
  2953 | D:3      | Reached XP level 5. HP: 34/34 MP: 5/5
  3450 | D:4      | Found a radiant altar of Vehumet.
  3751 | D:4      | Found a hazy altar of Hepliaklqana.
  3816 | D:4      | Noticed Robin
  3826 | D:4      | Killed Robin
  3836 | D:4      | HP: 1/34 [goblin[Robin] (2)]
  4244 | D:4      | Found a glowing golden altar of the Shining One.
  4305 | D:5      | Entered Level 5 of the Dungeon
  4320 | D:5      | Reached skill level 5 in Short Blades
  4320 | D:5      | Reached skill level 7 in Stealth
  4320 | D:5      | Reached XP level 6. HP: 39/39 MP: 6/6
  4337 | D:5      | Noticed an ice beast
  4342 | D:5      | Killed an ice beast
  4380 | D:5      | Noticed a steam dragon
  4392 | D:5      | Slain by a steam dragon

Illustrated notes

Levels and vault maps discovered:
D:1:      minmay_arrival_wavy_path, layout_loops_ring
D:2:      layout_basic, hellmonk_ecumenical_altar_lost_god, grunt_ministairs_11
D:3:      layout_basic
D:4:      layout_basic, worldfamousw_hep_ancestral_shrine, kennysheep_mini_moat,
          fiery_altar_vehumet, chequers_serial_rivers_micro_a, uniq_robin
D:5:      wad_crossroads, layout_loops_corners,
          minmay_temple_entry_statues_fountains, gup_sewer_entry_bowl,
          uniq_blork_the_orc

Skill      XL: |  1  2  3  4  5 |
---------------+----------------+-----
Short Blades   | 3 4 5 |  5.6
Stealth        | 6 7 |  7.5
Fighting       | |  2.0
Throwing       | |  2.0
Dodging        | |  1.0

Action                   |  1- 3 |  4- 6 || total
-------------------------+-------+-------++-------
Melee: Dagger            |    80 |    84 ||   164
       Constrict         |    16 |    15 ||    31
       Tentacles         |    14 |    10 ||    24
Throw: Dart              |     3 |     8 ||    11
Evoke: Wand              |     2 |     7 ||     9
  Use: Potion            |     2 |     1 ||     3
       Scroll            |       |     4 ||     4
 Stab: Sleeping          |    13 |    12 ||    25
Armor: Skin              |    19 |     7 ||    26
Dodge: Dodged            |    34 |    39 ||    73
